Map: Romanticide LE

Players

Drift - Winner!

  • Race: Terran Terran
  • League: Master
  • Spawn Location: 5:00

A.I. 1 (Very Easy)

  • Race: Terran Terran
  • Spawn Location: 11:00

VOD

Have the link to the VOD?

Description

Personal TvT build order to learn

Time

  • Played on: Nov. 28, 2020, 3:45 p.m.
  • Length: 11:10
Show
View Real Time Build Order
Export as new Build Order

Drift Terran - Winner!

Build Orders: Reaper Expand 

Get SALT Encoding   

  12  0:00  SCV  
  13  0:12  SCV  
  14  0:17  Supply Depot  
  14  0:24  SCV  
  15  0:38  SCV  
  15  0:39  Barracks  
  16  0:43  Refinery  
  16  0:50  SCV  
  17  1:02  SCV  
  18  1:14  SCV  
  19  1:27  Reaper, Orbital Command  
  20  1:41  Command Center  
  20  1:51  Supply Depot  
  20  1:53  SCV  
  21  2:00  Marine  
  22  2:05  SCV  
  23  2:09  Factory  
  23  2:17  SCV  
  23  2:18  Bunker  
  23  2:21  Barracks Reactor  
  24  2:27  Refinery  
  25  2:30  SCV  
  25  2:42  SCV  
  26  2:52  Orbital Command  
  26  2:54  SCV  
  26  2:57  Starport, Hellion  
  29  3:01  Marine  
  29  3:02  Marine  
  31  3:08  SCV  
  32  3:18  Factory Tech Lab  
  32  3:20  SCV x2  
  32  3:22  Marine x2  
  36  3:30  Supply Depot  
  36  3:32  SCV x2  
  38  3:41  Marine  
  38  3:42  Marine  
  38  3:43  Factory Tech Lab, Raven  
  38  3:44  SCV  
  38  3:48  SCV  
  44  3:53  Supply Depot  
  44  3:56  SCV  
  44  4:00  SCV  
  46  4:03  Cyclone, Marine  
  46  4:04  Marine  
  46  4:08  SCV  
  52  4:12  SCV  
  52  4:15  Command Center  
  53  4:19  Supply Depot  
  53  4:20  SCV  
  54  4:24  SCV  
  55  4:32  SCV  
  55  4:35  Starport Reactor  
  55  4:36  Siege Tank, SCV  
  60  4:44  Barracks  
  60  4:45  Supply Depot, SCV, Barracks  
  61  4:51  Stimpack  
  61  4:53  SCV  
  61  4:54  Refinery x2  
  61  4:57  SCV  
  61  4:58  Marine  
  64  5:05  SCV  
  65  5:08  Supply Depot  
  65  5:09  SCV  
  66  5:18  SCV  
  67  5:21  Siege Tank  
  67  5:23  SCV  
  67  5:24  Starport Reactor  
  67  5:27  Engineering Bay  
  67  5:28  Engineering Bay  
  72  5:29  Orbital Command  
  72  5:33  Marine x2  
  72  5:34  Marine  
  72  5:35  SCV  
  75  5:41  SCV  
  75  5:42  Marine x2  
  78  5:53  SCV  
  78  5:55  Terran Infantry Armor Level 1, Terran Infantry Weapons Level 1, SCV  
  80  5:59  Orbital Command  
  80  6:04  Medivac  
  80  6:05  Medivac  
  80  6:06  Barracks, Marine x5  
  80  6:07  Barracks  
  88  6:15  SCV x2  
  88  6:17  Refinery  
  90  6:20  Siege Tank  
  90  6:24  Marine x2  
  95  6:26  Refinery, SCV, Marine  
  95  6:27  SCV x2, Marine  
  100  6:33  Supply Depot  
  100  6:34  Supply Depot  
  100  6:35  Marine  
  100  6:38  SCV  
  100  6:39  SCV x2  
  104  6:50  SCV  
  104  6:51  Armory, SCV x2  
  104  6:53  Marine x2  
  109  6:54  Marine x2  
  109  6:55  Barracks Reactor  
  109  6:56  Supply Depot  
  109  6:59  Barracks Reactor  
  109  7:00  Supply Depot  
  111  7:02  SCV  
  111  7:03  SCV x2  
  111  7:05  Marine  
  111  7:07  Sensor Tower  
  115  7:11  Marine  
  115  7:14  SCV  
  115  7:15  SCV  
  118  7:20  Marine x3  
  118  7:21  Combat Shield, Supply Depot  
  118  7:22  SCV  
  122  7:26  Command Center, SCV  
  122  7:27  SCV  
  122  7:28  Supply Depot  
  124  7:31  Siege Tank, Marine  
  124  7:34  SCV  
  124  7:36  Marine  
  124  7:37  Marine  
  130  7:38  SCV  
  130  7:39  Factory, SCV  
  130  7:44  Supply Depot, Marine x4  
  134  7:45  Medivac  
  134  7:47  Medivac  
  134  7:48  Marine  
  134  7:50  Terran Infantry Weapons Level 2, Supply Depot  
  142  7:54  Terran Infantry Armor Level 2  
  142  7:55  Marine  
  143  8:02  Marine x5  
  143  8:03  Marine  
  143  8:04  Siege Tank  
  152  8:07  SCV  
  153  8:14  Barracks  
  153  8:15  Barracks, Marine  
  153  8:16  Medivac  
  153  8:17  Barracks  
  153  8:18  Terran Vehicle Weapons Level 1, Marine  
  157  8:20  Medivac  
  157  8:23  Marine x4  
  164  8:29  Supply Depot  
  164  8:32  Marine  
  164  8:33  Supply Depot  
  164  8:40  Marine x2  
  166  8:46  Supply Depot  
  166  8:49  Marine x5  
  166  8:50  Siege Tank  
  166  8:52  Supply Depot  
  174  8:56  Marine  
  175  9:02  Barracks Reactor  
  175  9:06  Planetary Fortress  
  175  9:08  Marine x2  
  175  9:09  Marine x3  
  180  9:17  Refinery  
  180  9:18  Refinery  
  180  9:21  Marine x3  
  180  9:23  Barracks Reactor  
  183  9:25  Barracks Reactor  
  183  9:27  Marine, Barracks Reactor  
  183  9:29  Siege Tank x2  
  190  9:32  Medivac, Marine x2  
  190  9:33  Medivac  
  190  9:34  Marine  
  197  9:40  Command Center  
  197  9:45  Marine x3  
  198  9:47  Starport, Command Center  
  198  9:50  Starport  
  200  10:19  Armory  
  199  10:21  Starport  
  199  10:22  Starport  
  199  10:23  Marine  
  200  10:35  Marine  
  200  10:45  Starport Tech Lab  
  200  10:46  Starport Reactor  
  200  11:01  Starport Tech Lab  
  200  11:02  Starport Tech Lab  
  200  11:05  Fusion Core  
Show
View Real Time Build Order
Export as new Build Order

A.I. 1 (Very Easy) Terran 

Build Orders:  

Get SALT Encoding   

  12  0:00  SCV  
  13  0:13  SCV  
  14  0:18  Supply Depot  
  14  0:37  Refinery  
  14  0:42  Barracks  
  14  1:04  Supply Depot  
  14  1:12  Refinery  
  14  1:29  SCV, Marine  
  16  1:41  SCV  
  17  1:53  SCV  
  18  2:00  Marine  
  19  2:05  SCV  
  20  2:18  SCV  
  21  2:30  SCV  
  21  2:31  Marine  
  23  2:43  Orbital Command  
  23  5:41  SCV, Marine  
  25  5:44  Supply Depot  
  25  5:45  Factory  
  25  6:05  SCV  
  25  6:08  Supply Depot  
  26  6:14  Barracks Tech Lab  
  26  6:18  SCV  
  24  6:30  Starport, SCV  
  24  6:32  Marine  
  26  6:42  SCV  
  27  6:51  Command Center  
  27  7:05  Marine  
  27  7:07  Starport Tech Lab  
  28  7:28  Raven  
  30  7:39  Marauder  
  32  8:04  SCV  
  33  8:11  Raven, SCV, Hellion  
  37  8:18  Refinery, SCV  
  38  8:25  SCV  
  39  8:33  SCV  
  40  8:40  Marauder, SCV  
  41  8:42  Refinery  
  41  8:48  SCV  
  38  8:55  SCV  
  38  9:02  SCV  
  38  9:08  Hellion  
  38  9:10  SCV  
  38  9:17  SCV  
  39  9:24  SCV  
  40  9:31  SCV  
  40  9:37  Marine  
  38  9:46  SCV  
  38  9:58  Refinery, SCV  
  38  10:06  Hellion  
  40  10:10  SCV  
  40  10:11  Supply Depot  
  41  10:22  SCV  
  41  10:34  SCV, Viking  
  28  10:39  Supply Depot  
Tags
 
League
Master
Matchup
TvT
Race
Terran
Spawn Locations
Cross Positions
Add a new tag
Caveats
  • Supply blocks, unpowered buildings, or Contaminate may cause inaccurate times.
  • Supply counts are checked every 10 seconds.